Map: Mech Depot LE

Players

Rogue - Winner!

  • Race: Zerg Zerg
  • Spawn Location: 1:00

TYTY (TY)

  • Race: Terran Terran
  • Spawn Location: 7:00

Event: 2017 WCS Global Finals

VOD

Have the link to the VOD?

Description

Time

  • Played on: Nov. 4, 2017, 4:37 p.m.
  • Length: 9:14

All games in this series

Show
View Real Time Build Order
Export as new Build Order

Rogue Zerg - Winner!

Build Orders: Hatch First 

Get SALT Encoding   

  12  0:00  Drone  
  13  0:12  Overlord  
  13  0:17  Drone  
  14  0:31  Drone x2  
  14  0:34  Drone  
  17  0:51  Hatchery  
  17  0:55  Drone  
  17  0:58  Drone  
  18  1:09  Extractor  
  17  1:13  Spawning Pool  
  17  1:15  Drone  
  17  1:18  Drone  
  18  1:29  Drone  
  19  1:39  Overlord  
  19  1:59  Queen  
  19  2:00  Zergling x4  
  23  2:03  Queen, Drone  
  26  2:12  Drone  
  26  2:15  Drone  
  28  2:25  Hatchery  
  28  2:27  Drone  
  28  2:28  Drone  
  29  2:33  Metabolic Boost  
  29  2:37  Drone  
  30  2:39  Drone  
  31  2:45  Queen  
  31  2:50  Overlord  
  33  2:53  Drone  
  34  2:58  Drone  
  34  2:59  Drone  
  36  3:11  Drone x2  
  36  3:12  Drone x5  
  43  3:16  Overlord  
  43  3:21  Overlord  
  43  3:28  Overlord  
  43  3:37  Drone x2  
  43  3:39  Queen  
  43  3:41  Queen  
  47  3:44  Queen  
  47  3:46  Drone x2  
  53  3:49  Drone x2  
  53  3:55  Drone x4  
  58  3:58  Drone x2  
  58  4:00  Drone  
  61  4:04  Baneling Nest  
  61  4:07  Zergling x4  
  62  4:13  Spore Crawler, Zergling x4  
  63  4:20  Queen  
  63  4:23  Overlord  
  65  4:30  Evolution Chamber  
  65  4:31  Evolution Chamber, Queen  
  65  4:35  Overlord  
  65  4:43  Zergling x16  
  73  4:50  Overlord, Drone  
  74  4:56  Drone x7  
  74  4:59  Drone  
  81  5:00  Overlord  
  81  5:04  Zerg Ground Armor Level 1  
  81  5:08  Extractor x2  
  81  5:09  Extractor, Overlord  
  81  5:10  Extractor, Drone  
  81  5:11  Drone  
  79  5:15  Drone  
  79  5:20  Drone x3  
  83  5:24  Drone x4  
  83  5:27  Lair  
  89  5:28  Drone x2  
  89  5:40  Drone x2  
  89  5:41  Hatchery  
  90  5:47  Zerg Melee Weapons Level 1  
  90  5:51  Zergling x2, Hatchery  
  90  5:52  Zergling x8  
  90  5:53  Zergling x2  
  95  5:59  Burrow  
  95  6:01  Drone x2  
  96  6:06  Spore Crawler  
  96  6:08  Spore Crawler x2  
  96  6:09  Queen  
  95  6:13  Zergling x2  
  95  6:14  Zergling x10  
  95  6:17  Baneling x7  
  101  6:20  Overlord  
  101  6:21  Overlord  
  101  6:25  Centrifical Hooks  
  101  6:30  Infestation Pit, Drone  
  101  6:34  Zergling x8  
  101  6:35  Zergling x2  
  101  6:39  Overlord x2  
  105  6:49  Drone x3  
  105  6:50  Drone x2  
  105  6:51  Zergling x8  
  105  6:53  Baneling x3  
  111  6:57  Drone  
  111  6:58  Baneling  
  111  6:59  Spore Crawler, Baneling  
  111  7:00  Drone x4  
  111  7:01  Drone x2  
  117  7:13  Zergling x2  
  117  7:14  Zergling x8  
  122  7:17  Baneling  
  122  7:22  Baneling x7  
  121  7:24  Zergling x2  
  121  7:25  Zergling x8  
  121  7:26  Queen  
  121  7:27  Hive  
  128  7:31  Zergling x2  
  128  7:32  Zergling x14  
  128  7:36  Zergling x2  
  137  7:37  Zergling x10  
  137  7:38  Zergling x4  
  137  7:42  Zergling x8  
  147  7:44  Zergling x2  
  147  7:50  Drone  
  142  8:03  Overlord  
  142  8:08  Drone x2, Zergling x2  
  142  8:09  Zergling x2  
  142  8:10  Zergling x2  
  142  8:12  Zergling x2  
  132  8:13  Zergling x10  
  132  8:14  Overseer  
  132  8:16  Zergling x18  
  132  8:17  Zergling x2  
  139  8:20  Queen  
  139  8:26  Zergling x14  
  144  8:27  Zergling x2  
  144  8:28  Zergling x2  
  144  8:29  Zergling x8  
  144  8:33  Baneling x9, Zergling x2  
  144  8:34  Baneling  
  148  8:38  Drone  
  149  8:46  Ultralisk Cavern  
  149  8:47  Extractor  
  147  8:49  Baneling x8  
  147  8:51  Zergling x8  
  147  8:53  Overlord x3, Zergling x2  
  149  8:59  Baneling x4  
Show
View Real Time Build Order
Export as new Build Order

TYTY Terran 

Build Orders: Command Center First (CC), MMM Bio 

Get SALT Encoding   

  12  0:00  SCV  
  13  0:12  SCV  
  14  0:19  Supply Depot  
  14  0:24  SCV  
  15  0:41  SCV  
  16  0:53  SCV  
  17  0:59  Command Center  
  17  1:05  SCV  
  18  1:13  Barracks  
  18  1:17  SCV  
  19  1:29  SCV  
  20  1:41  SCV  
  21  1:50  Command Center  
  22  2:00  Marine  
  22  2:02  Orbital Command  
  22  2:11  Orbital Command  
  22  2:18  Marine  
  22  2:20  Refinery  
  23  2:23  Refinery  
  23  2:28  SCV  
  24  2:35  Marine  
  24  2:37  SCV  
  26  2:40  SCV  
  27  2:49  SCV  
  28  2:52  SCV  
  28  2:56  Barracks Reactor  
  28  2:58  Barracks  
  29  3:01  SCV  
  29  3:02  Barracks  
  29  3:04  Orbital Command  
  30  3:07  SCV  
  31  3:13  SCV  
  31  3:19  SCV  
  33  3:23  Bunker  
  33  3:25  SCV  
  34  3:30  SCV  
  34  3:31  Engineering Bay x2, SCV  
  36  3:34  Marine  
  36  3:36  Marine  
  36  3:37  SCV  
  39  3:42  SCV  
  39  3:43  SCV  
  39  3:45  Barracks Tech Lab  
  41  3:49  SCV  
  41  3:52  Marine  
  41  3:54  SCV  
  45  3:57  Supply Depot, SCV  
  45  4:00  Marine  
  45  4:01  SCV  
  48  4:03  Marine  
  48  4:05  Terran Infantry Weapons Level 1, Terran Infantry Armor Level 1  
  48  4:07  Stimpack  
  48  4:09  SCV x2  
  51  4:12  Refinery  
  51  4:13  Marine  
  51  4:16  Factory  
  52  4:17  SCV  
  52  4:20  Refinery  
  52  4:21  SCV  
  52  4:23  Barracks Reactor, Marine  
  52  4:24  Marine  
  55  4:25  SCV  
  55  4:29  SCV  
  57  4:33  SCV  
  57  4:37  Supply Depot, SCV, Marine  
  60  4:45  SCV  
  60  4:48  Engineering Bay  
  60  4:50  Engineering Bay  
  61  4:54  Engineering Bay  
  61  4:55  Engineering Bay  
  61  4:57  Engineering Bay  
  61  4:59  Marine x3  
  61  5:04  Bunker  
  63  5:07  Starport  
  63  5:10  Marine  
  63  5:11  Factory Reactor, Marine  
  65  5:17  Supply Depot  
  65  5:19  Marine  
  66  5:22  Supply Depot, Marine  
  66  5:23  Marine  
  66  5:24  Bunker  
  68  5:28  Marine  
  69  5:38  Supply Depot, Marine x2  
  69  5:39  Supply Depot, SCV x2  
  69  5:42  Supply Depot, Armory  
  73  5:45  Marine x2  
  73  5:46  Marine  
  76  5:55  Medivac x2, Factory Reactor  
  79  5:58  Supply Depot  
  79  5:59  Supply Depot, Orbital Command, SCV  
  80  6:04  SCV  
  80  6:07  Combat Shields  
  82  6:11  SCV  
  82  6:16  SCV  
  82  6:17  Marine x2  
  82  6:18  Barracks, Marine  
  85  6:19  Marine  
  88  6:27  Medivac x2  
  88  6:31  Terran Infantry Weapons Level 2  
  93  6:36  Terran Infantry Armor Level 2  
  93  6:38  Marine x2  
  97  6:41  Widow Mine x2  
  97  6:43  Barracks  
  97  6:45  SCV  
  97  6:46  SCV x2  
  100  6:51  Marine x2  
  102  6:57  Marauder  
  102  6:58  SCV x3  
  102  7:01  Medivac, Supply Depot  
  109  7:02  Medivac  
  109  7:04  Marine x2  
  109  7:06  Barracks Reactor  
  113  7:10  SCV  
  113  7:11  Widow Mine x2  
  118  7:16  Marine x2  
  118  7:18  Supply Depot x2  
  120  7:26  Barracks x2  
  120  7:27  Marauder, Barracks  
  120  7:28  Marine x2  
  123  7:31  SCV x3  
  123  7:36  Marine x2  
  128  7:37  Marine  
  126  7:46  SCV x3, Marine x2  
  126  7:48  Marine  
  129  7:54  Marine x2  
  129  7:55  Marine x3  
  129  7:58  SCV x3  
  137  7:59  Widow Mine  
  139  8:10  SCV x3  
  126  8:16  Marine x4  
  126  8:17  Marine x2  
  120  8:22  SCV x2  
  118  8:29  Barracks Reactor, Barracks Tech Lab x2  
  118  8:30  Marauder  
  118  8:31  Widow Mine, Unknown, Barracks Reactor  
  116  8:34  Marine  
  116  8:35  Medivac  
  116  8:36  Marine  
  116  8:37  Marine  
  121  8:41  Marine  
  121  8:42  Marine x2  
  122  8:50  SCV x2  
  122  8:51  Marine  
  122  8:52  Marine  
  122  8:54  Marine  
Tags
 
Add a new tag
Caveats
  • Supply blocks, unpowered buildings, or Contaminate may cause inaccurate times.
  • Supply counts are checked every 10 seconds.